 Dungeon Crawl Stone Soup version 0.28-a0-674-gdaf460b524 (webtiles) character file.

Game seed: 17421678497230696590

27 kipponium the Cudgeller (level 2, -1/24 HPs)
             Began as a Demonspawn Abyssal Knight on Oct 17, 2021.
             Was a Follower of Lugonu.
             Slain by an adder (3 damage)
             ... on level 2 of the Dungeon.
             The game lasted 00:02:51 (1230 turns).

kipponium the Cudgeller (Demonspawn Abyssal Knight) Turns: 1230, Time: 00:02:51

Health: -1/24      AC:  5    Str: 13    XL:     2   Next: 93%
Magic:  3/3        EV: 13    Int: 11    God:    Lugonu [*.....]
Gold:   40         SH:  0    Dex: 13    Spells: 1/1 levels left

rFire   . . .      SeeInvis .   a - +1 mace
rCold   . . .      Faith    .   (no shield)
rNeg    . . .      Spirit   .   b - +0 leather armour
rPois   .          Reflect  .   e - +2 hat
rElec   .          Harm     .   (no cloak)
rCorr   .          Rampage  .   (no gloves)
Will    .....                   (no boots)
Stlth   +.........              (no amulet)
HPRegen 0.08/turn               (no ring)
MPRegen 0.08/turn               (no ring)

@: lethally poisoned (-1 -> -3)
A: repulsion field 1
a: Renounce Religion, Depart the Abyss


You were on level 2 of the Dungeon.
You worshipped Lugonu.
Lugonu was aware of your devotion.
You visited 1 branch of the dungeon, and saw 2 of its levels.
You visited the Abyss 1 time.

You collected 40 gold pieces.

Inventory:

Hand Weapons
 a - a +1 mace (weapon)
Armour
 b - a +0 leather armour (worn)
 e - a +2 hat (worn)
Scrolls
 c - 2 scrolls of amnesia {unknown}
Potions
 d - a potion of ambrosia {unknown}


   Skills:
 - Level 3.0 Fighting
 + Level 3.1 Maces & Flails
 - Level 1.7 Armour
 - Level 0.8 Dodging
 - Level 2.4 Invocations


You had one spell level left.
You didn't know any spells.
Your spell library contained the following spells:

 Spells                   Type           Power      Damage    Failure   Level
 Blink                    Tloc           N/A        N/A       56%         2
 Conjure Flame            Conj/Fire      0%         6-21      80%         3
 Ignite Poison            Fire/Tmut/Pois 0%         N/A       80%         3
 Sticky Flame             Conj/Fire      0%         2d3       99%         4
 Manifold Assault         Tloc           0%         N/A       100%        5
 Storm Form               Tmut/Air       0%         N/A       100%        7


Dungeon Overview and Level Annotations

Branches:
Dungeon (2/15)

Altars:

Shops:
D:1 *


Innate Abilities, Weirdness & Mutations

You are surrounded by a mild repulsion field. (EV +2)


Message History

You see here a rat corpse.
A bat comes into view.
The bat misses you.
You closely miss the bat. The bat closely misses you. x2
The bat hits you but does no damage.
You completely miss the bat. The bat barely misses you.
The bat closely misses you. x2
You hit the bat.
You kill the bat!
Lugonu accepts your kill.
c - 2 scrolls labelled FEHYATINWO (gained 1)
An adder comes into view.
The adder hisses angrily.
The adder bites you but does no damage.
You barely miss the adder. The adder bites you but does no damage.
The adder barely misses you.
You closely miss the adder. The adder barely misses you. The adder bites you.
You are poisoned.
The adder poisons you!
You closely miss the adder.
You feel sick. The adder bites you but does no damage.
You closely miss the adder.
You feel sick. The adder closely misses you. The adder barely misses you.
You closely miss the adder.
You feel sick. The adder bites you.
You miss the adder.
You feel sick. The adder bites you. The adder bites you but does no damage.
You barely miss the adder.
You feel sick.
You are no longer poisoned.
The adder barely misses you. The adder bites you but does no damage.
You closely miss the adder. The adder misses you.
You closely miss the adder. The adder bites you.
* * * LOW HITPOINT WARNING * * *
You are poisoned.
The adder poisons you! The adder bites you.
* * * LOW HITPOINT WARNING * * *
Okay, then.
You barely miss the adder.
* * * LOW HITPOINT WARNING * * *
You feel sick. The adder bites you.
You die...

# ##########.#
......S@.#.#
########..#. #.#.#
#.#.#######
#####.#.....>.######
#..................#
#.###.#.#####.####†#
#.....# #.####.#
#.#.### #.##...##


You could see an adder.

Vanquished Creatures
  A worm (D:2)
  A dart slug (D:1)
  2 endoplasms (D:1)
  3 giant cockroaches (D:1)
  A goblin (D:1)
  2 hobgoblins (D:1)
  A kobold (D:1)
  3 bats
  A frilled lizard (D:1)
  6 rats
  A spectral goblin (D:1)
22 creatures vanquished.

Notes
Turn   | Place    | Note
-------+----------+-------------------------------------------
     0 | Abyss:1  | kipponium the Demonspawn Abyssal Knight began the quest for
                  | the Orb.
     0 | Abyss:1  | Reached XP level 1. HP: 18/18 MP: 2/2
    27 | Abyss:1  | Noticed an apocalypse crab
    27 | Abyss:1  | Noticed a flayed ghost
    28 | D:1      | Escaped the Abyss
   229 | D:1      | Gained mutation: You are surrounded by a mild repulsion
                  | field. (EV +2) [demonic ancestry]
   229 | D:1      | Reached XP level 2. HP: 24/24 MP: 3/3
   339 | D:1      | You fall into a shaft and drop 1 floor!
   666 | D:1      | Found Wesuw's Assorted Antiques.
   724 | D:1      | Reached * piety under Lugonu
   777 | D:1      | Found a faded altar of an unknown god.
  1230 | D:2      | Slain by an adder

Illustrated notes

Levels and vault maps discovered:
D:1:      erik_arrival_orb_chamber, layout_loops_ring, serial_shops,
          shop_statue, dreamdust_ecumenical_altar_drowned_temple
D:2:      layout_loops_ring, grunt_ministairs_9

Skill      XL: |  1  2 |
---------------+-------+-----
Maces & Flails | 2 3 |  3.1
Fighting       | |  3.0
Armour         | |  1.7
Dodging        | |  0.8
Invocations    | |  2.4

Action                   || total
-------------------------++-------
Melee: Mace              ||    72
Invok: Depart the Abyss  ||     1
 Stab: Sleeping          ||     2
Armor: Leather armour    ||    17
Dodge: Dodged            ||    53

Table legend: (Time is in decaauts)
 A = Elapsed time spent in this place.
 B = Non-inter-level travel time spent in this place.
 C = Inter-level travel time spent in this place.
 D = Time resting spent in this place.
 E = Time spent auto-exploring this place.
 F = Levels seen in this place.
 G = Mean time per level.
                   A        B        C        D        E       F      G
               +--------+--------+--------+--------+--------+-----+--------+
         Total |   1257 |   1226 |     31 |    213 |    745 |   3 |  419.0 |
       Dungeon |   1229 |   1198 |     31 |    213 |    745 |   2 |  614.5 |
         Abyss |     28 |     28 |      0 |      0 |      0 |   1 |   28.0 |
               +--------+--------+--------+--------+--------+-----+--------+

Top non-repeatable levels by time:
     D:1: 979 daAuts
     D:2: 249 daAuts
 Abyss:1: 28 daAuts
